 Dungeon Sprint DCSS version 0.18.1-6-gd335043 (webtiles) character file.

151 Etesian the Destroyer (level 5, -1/28 HPs)
             Began as a Deep Elf Air Elementalist on May 16, 2016.
             Was an Initiate of Vehumet.
             Slain by an orc warrior
             ... wielding a +0 trident
              (20 damage)
             ... in the Dungeon (Sprint IX: "|||||||||||||||||||||||||||||").
             The game lasted 00:01:56 (365 turns).

Etesian the Destroyer (Deep Elf Air Elementalist)    Turns: 365, Time: 00:01:57

Health: -1/28      AC:  9    Str:  8    XL:     5   Next: 10%
Magic:  9/11       EV: 13    Int: 24    God:    Vehumet [......]
Gold:   0          SH:  0    Dex: 15    Spells: 2 memorised, 4 levels left

rFire  . . .     SeeInvis .     a - +2 morningstar (protect)
rCold  . . .     Gourm    .     k - +0 robe
rNeg   . . .     Faith    .     (no shield)
rPois  .         Spirit   .     (no helmet)
rElec  .         Dismiss  .     q - +0 cloak
rCorr  .         Reflect  .     p - +0 pair of gloves
SustAt .         Harm     .     (no boots)
MR     .....     NoTele   +     (no amulet)
Stlth  ++........               s - +3 ring of strength
                                r - +3 ring of intelligence

@: not resistant to hostile enchantments, unstealthy
A: no striking features
a: Renounce Religion


You were in the Dungeon.
You worshipped Vehumet.
Vehumet was noncommittal.
You were not hungry.

You visited 1 branch

Inventory:

Hand Weapons
 a - a +2 morningstar of protection (weapon)
Armour
 k - a +0 robe (worn)
 p - a +0 pair of gloves (worn)
 q - a +0 cloak (worn)
Magical Staves
 b - an uncursed staff of energy
Jewellery
 r - a +3 ring of intelligence (left hand)
 s - a +3 ring of strength (right hand)
Wands
 n - a wand of lightning (7/15)
Scrolls
 i - 2 scrolls of blinking
 l - 3 scrolls of remove curse
 m - 2 scrolls of amnesia
Potions
 d - 5 potions of curing
 e - 3 potions of heal wounds
 f - a potion of haste
 g - 4 potions of magic
 h - a potion of berserk rage
 j - a potion of invisibility
Books
 o - a book of Air

   Spells                             Type                      Level
   a - Shock                          Conjuration/Air              1
   b - Swiftness                      Charms/Air                   2
   c - Repel Missiles                 Charms/Air                   2
   d - Static Discharge               Conjuration/Air              3
   e - Lightning Bolt                 Conjuration/Air              5
Comestibles
 c - a bread ration


   Skills:
 + Level 2.4 Dodging
 - Level 2.4 Stealth
 - Level 3.0 Spellcasting
 * Level 8.0 Conjurations
 * Level 7.9 Air Magic


You had 4 spell levels left.
You knew the following spells:

 Your Spells              Type           Power        Failure   Level  Hunger
a - Shock                 Conj/Air       ####         1%          1    None
b - Lightning Bolt        Conj/Air       #####.....   14%         5    ######.


Dungeon Overview and Level Annotations

Branches:
Dungeon (1/1)

Altars:
Cheibriados
Dithmenos
Elyvilon
Fedhas
Gozag
Kikubaaqudgha
Makhleb
Nemelex Xobeh
Okawaru
Pakellas
Qazlal
Ru
Sif Muna
Trog
Vehumet
Xom
Yredelemnul
Zin
The Shining One
Beogh
Jiyva
Lugonu


Message History

Casting: Shock
Confirm with . or Enter, or press ? or * to list all spells.
Aiming: Shock
Press: ? - help, Shift-Dir - straight line, f/p - orc
Aim: an orc, wielding a flail and wearing a ring mail The zap hits the orc.
The orc is moderately wounded.
The zap hits the orc warrior.
The orc warrior is lightly wounded.
The zap hits the hill giant.
The hill giant appears unharmed.
The hill giant is lightly wounded.
The zap hits the howler monkey.
The howler monkey is moderately wounded.
The zap hits the quokka.
The quokka is almost dead.
The zap hits the giant frog.
The giant frog is moderately wounded.
The orc warrior hits you from afar with a trident!!
Ouch! That really hurt!
You die...

▓F▓
▓r▓
▓.▓
▓h▓
▓C▓
▓o▓
▓o▓
▓@▓
▓.▓
▓[▓
▓.▓
▓.▓
▓)▓
▓.▓
▓.▓
▓.▓


You could see a hill giant, an orc warrior, a giant frog, a howler monkey, an
orc and a quokka.

Vanquished Creatures
  An ogre (D)
  A hound (D)
  A worker ant (D)
  A shadow imp (D)
  A giant cockroach (D)
  A hobgoblin (D)
  A kobold (D)
  2 giant newts (D)
  A rat (D)
10 creatures vanquished.

Notes
Turn   | Place    | Note
--------------------------------------------------------------
     0 | D        | Etesian the Deep Elf Air Elementalist began the quest for the Orb.
     0 | D        | Reached XP level 1. HP: 10/10 MP: 6/6
     5 | D        | Reached skill level 2 in Conjurations
    66 | D        | Noticed a worker ant
    66 | D        | Noticed a hound
    66 | D        | Noticed an ogre
    70 | D        | Killed a worker ant
    70 | D        | Reached skill level 4 in Conjurations
    70 | D        | Reached skill level 5 in Air Magic
    70 | D        | Reached XP level 2. HP: 15/15 MP: 2/8
    70 | D        | Reached XP level 3. HP: 19/19 MP: 2/9
    71 | D        | Reached skill level 5 in Conjurations
    76 | D        | Killed an ogre
    76 | D        | Reached skill level 7 in Conjurations
    76 | D        | Reached XP level 4. HP: 7/24 MP: 0/10
    76 | D        | Reached skill level 8 in Conjurations
    76 | D        | Reached XP level 5. HP: 8/28 MP: 0/11
    90 | D        | Learned a level 5 spell: Lightning Bolt
   302 | D        | Found a glowing silver altar of Zin.
   302 | D        | Found a glowing golden altar of the Shining One.
   302 | D        | Found an ancient bone altar of Kikubaaqudgha.
   302 | D        | Found a basalt altar of Yredelemnul.
   302 | D        | Found a shimmering altar of Xom.
   302 | D        | Found a radiant altar of Vehumet.
   303 | D        | Found an iron altar of Okawaru.
   304 | D        | Found a burning altar of Makhleb.
   305 | D        | Found a deep blue altar of Sif Muna.
   306 | D        | Found a bloodstained altar of Trog.
   307 | D        | Found a sparkling altar of Nemelex Xobeh.
   308 | D        | Found a white marble altar of Elyvilon.
   309 | D        | Found a roughly hewn altar of Beogh.
   310 | D        | Became a worshipper of Vehumet
   311 | D        | Found a viscous altar of Jiyva.
   312 | D        | Found a corrupted altar of Lugonu.
   313 | D        | Found a blossoming altar of Fedhas.
   314 | D        | Found a snail-covered altar of Cheibriados.
   315 | D        | Found a shadowy altar of Dithmenos.
   316 | D        | Found a stormy altar of Qazlal.
   317 | D        | Found an opulent altar of Gozag.
   318 | D        | Found a sacrificial altar of Ru.
   319 | D        | Found an oddly glowing altar of Pakellas.
   362 | D        | Noticed a hill giant
   362 | D        | Noticed an orc warrior
   365 | D        | Slain by an orc warrior

Skill      XL: |  1  2  3  4 |
---------------+-------------+-----
Conjurations   | 4 7 8 |  8.0
Air Magic      | 5 7 |  7.9
Dodging        | |  2.4
Stealth        | |  2.4
Spellcasting   | |  3.0

Action                   |  1- 3 |  4- 6 || total
-------------------------+-------+-------++-------
Melee: Unarmed           |     1 |       ||     1
       Short sword       |     3 |       ||     3
 Cast: Shock             |    11 |     3 ||    14
Dodge: Dodged            |    10 |       ||    10
